 Dungeon Crawl Stone Soup version 0.29.1-13-g9f3cf754e1 (webtiles) character file.

Game seed: 3876365043915637933

673 nshep25 the Chopper (level 7, -4/62 HPs)
             Began as a Minotaur Fighter on Feb 1, 2023.
             Was an Initiate of Gozag.
             Slain by Duvessa
             ... wielding a +0 short sword
              (7 damage)
             ... on level 5 of the Dungeon.
             The game lasted 00:07:00 (4962 turns).

nshep25 the Chopper (Minotaur Fighter)              Turns: 4962, Time: 00:07:02

Health: -4/62      AC:  7    Str: 23    XL:     7   Next: 33%
Magic:  6/6        EV: 10    Int:  5    God:    Gozag
Gold:   351        SH:  4    Dex:  9    Spells: 6/6 levels left

rFire   . . .      SeeInvis .   a - +0 war axe
rCold   . . .      Faith    .   c - +0 buckler
rNeg    . . .      Spirit   .   b - +0 scale mail
rPois   +          Reflect  .   (helmet restricted)
rElec   .          Harm     .   (no cloak)
rCorr   .          Rampage  .   (no gloves)
Will    +....                   (no boots)
Stlth   ..........              v - amulet of the acrobat
HPRegen 0.20/turn               j - ring of willpower
MPRegen 0.10/turn               B - ring of poison resistance

@: no status effects
A: horns 2, retaliatory headbutt
a: Renounce Religion, Potion Petition, Call Merchant, Bribe Branch


You were on level 5 of the Dungeon.
You worshipped Gozag.
Gozag was aware of your devotion.
You visited 2 branches of the dungeon, and saw 6 of its levels.

You collected 409 gold pieces.
You paid 58 gold pieces to Gozag.

Inventory:

Hand Weapons
 a - a +0 war axe (weapon)
Missiles
 n - 2 boomerangs (quivered)
Armour
 b - a +0 scale mail (worn)
 c - a +0 buckler (worn)
Jewellery
 j - a ring of willpower (left hand)
 v - an amulet of the acrobat (around neck)
 w - a ring of wizardry
 B - a ring of poison resistance (right hand)
Wands
 x - a wand of flame (40)
Scrolls
 h - 6 scrolls of identify {unknown}
 k - 4 scrolls of magic mapping {unknown}
 l - a scroll of blinking {unknown}
 m - 2 scrolls of enchant weapon {unknown}
 o - 2 scrolls of teleportation {unknown}
 u - a scroll of fear {unknown}
 y - 2 scrolls of enchant armour {unknown}
 z - a scroll of immolation {unknown}
Potions
 d - 2 potions of might
 e - a potion of degeneration {unknown}
 f - 3 potions of heal wounds {unknown}
 g - a potion of resistance {unknown}
 i - a potion of ambrosia {unknown}
 p - a potion of brilliance {unknown}
 q - 2 potions of lignification {unknown}
 r - a potion of magic {unknown}
 s - 3 potions of curing {unknown}
 t - 2 potions of attraction {unknown}
 A - a potion of mutation {unknown}
 C - a potion of haste {unknown}


   Skills:
 + Level 5.7 Fighting
 + Level 6.3 Axes
 + Level 5.6 Armour
 + Level 2.7 Dodging
 + Level 0.2 Stealth
 + Level 4.5 Shields


You had 6 spell levels left.
You didn't know any spells.
Your spell library contained the following spells:

 Spells                   Type           Power      Damage    Failure   Level
 Slow                     Hex            0%         N/A       86%         1
 Summon Small Mammal      Summ           0%         N/A       86%         1
 Call Canine Familiar     Summ           0%         N/A       99%         3
 Confusing Touch          Hex            0%         N/A       99%         3
 Summon Guardian Golem    Hex/Summ       0%         N/A       99%         3
 Vampiric Draining        Necr           0%         2d6       99%         3


Dungeon Overview and Level Annotations

Branches:
Dungeon (5/15)             Temple (1/1) D:4

Altars:
Cheibriados
Dithmenos
Elyvilon
Gozag
Kikubaaqudgha
Makhleb
Nemelex Xobeh
Okawaru
Qazlal
Ru
Sif Muna
Trog
Uskayaw
Vehumet
Wu Jian
Xom
Yredelemnul
Zin
The Shining One

Shops:
D:2 *   D:3 *

Annotations:
D:5 Duvessa


Innate Abilities, Weirdness & Mutations

You have a pair of horns on your head.
You reflexively headbutt those who attack you in melee.


Message History

You slash Dowan! You headbutt Dowan!
Dowan is almost dead.
You hit Duvessa but do no damage. Dowan casts a spell at you.
The puff of frost hits you! Duvessa hits you with a +0 short sword.
Duvessa hits you but does no damage. Dowan closely misses you.
You closely miss Dowan.
Dowan is almost dead.
You barely miss Duvessa.
Dowan says, "Stay away from my face!"
Dowan points at you and mumbles some strange words.
You resist with almost no effort. Duvessa hits you with a +0 short sword!
You closely miss Duvessa.
Duvessa is lightly wounded.
You slash Dowan!
You kill Dowan!
Duvessa screams in rage.
Duvessa goes berserk!
Duvessa hits you with a +0 short sword. Duvessa hits you with a +0 short sword!
* * * LOW HITPOINT WARNING * * *
Your Axes skill increases to level 6!
You slash Duvessa!
Duvessa is moderately wounded.
Duvessa hits you with a +0 short sword.
* * * LOW HITPOINT WARNING * * *
You hit Duvessa. Your headbutt misses Duvessa.
Duvessa is moderately wounded.
Duvessa hits you but does no damage. x2
You hit Duvessa.
Duvessa is heavily wounded.
Duvessa barely misses you. You furiously retaliate!
You headbutt Duvessa. Duvessa hits you with a +0 short sword.
* * * LOW HITPOINT WARNING * * *
You hit Duvessa but do no damage. You headbutt Duvessa!
Duvessa is heavily wounded.
Duvessa hits you with a +0 short sword!
* * * LOW HITPOINT WARNING * * *
Duvessa hits you with a +0 short sword!
You die...
Your body crumbles into a pile of gold.

#..#...#.# #######
###....#.# #.....#
#......#####.###.#
#............# #.#
#.........######.#
##........# #...#
#........# #.###
##.......# #.#
###.......#
#@#####
#.........#
#e$...#
###....####
#####.# #......#
.....S......e..
##.#####
#...#....####e.
#..##..# #. #....#
#......# #....#
#..#..##.. ##....
#....###.. #...#
##


You could see Duvessa (berserk).

Vanquished Creatures
  Eustachio (D:5)
  A black bear (D:2)
  Blork the orc (D:4)
  Dowan (D:5)
  3 hounds
  An iguana (D:5)
  An orc wizard (D:4)
  A gnoll (D:1)
  8 adders
  A white imp (D:5)
  An ufetubus (D:5)
  2 worms
  3 dart slugs
  12 orcs
  4 ball pythons
  6 endoplasms
  4 giant cockroaches
  3 goblins
  6 hobgoblins
  11 jackals
  6 quokkas
  6 bats
  2 frilled lizards
  6 kobolds
  3 rats
  A butterfly (D:5)
95 creatures vanquished.

Notes
Turn   | Place    | Note
-------+----------+-------------------------------------------
     0 | D:1      | nshep25 the Minotaur Fighter began the quest for the Orb.
     0 | D:1      | Reached XP level 1. HP: 19/19 MP: 0/0
    24 | D:1      | Reached XP level 2. HP: 6/27 MP: 1/1
   321 | D:1      | Found a faded altar of an unknown god.
   930 | D:1      | Reached XP level 3. HP: 33/33 MP: 2/2
  1412 | D:2      | Noticed a black bear
  1418 | D:2      | Killed a black bear
  1419 | D:2      | Reached skill level 3 in Axes
  1419 | D:2      | Reached XP level 4. HP: 34/41 MP: 3/3
  1419 | D:2      | Reached XP level 5. HP: 39/47 MP: 4/4
  1507 | D:2      | Reached skill level 5 in Fighting
  1587 | D:2      | Found Geteum's Assorted Antiques.
  1834 | D:3      | Reached skill level 4 in Axes
  1949 | D:3      | Reached skill level 1 in Dodging
  2042 | D:3      | Found a sparkling altar of Nemelex Xobeh.
  2488 | D:3      | Found a glowing silver altar of Zin.
  2490 | D:3      | Found Zin's Purification Station.
  2902 | D:4      | Noticed Blork the orc
  2912 | D:4      | Killed Blork the orc
  2913 | D:4      | Reached skill level 5 in Axes
  2913 | D:4      | Reached XP level 6. HP: 18/56 MP: 5/5
  3124 | D:4      | Found a sacrificial altar of Ru.
  3130 | D:4      | Found an ancient bone altar of Kikubaaqudgha.
  3130 | D:4      | Found a staircase to the Ecumenical Temple.
  3147 | Temple   | Entered the Ecumenical Temple
  3163 | Temple   | Became a worshipper of Gozag Ym Sagoz the Greedy
  3590 | D:4      | Reached skill level 5 in Armour
  3933 | D:5      | Entered Level 5 of the Dungeon
  3959 | D:5      | Noticed Eustachio
  4215 | D:5      | Killed Eustachio
  4216 | D:5      | Reached XP level 7. HP: 27/61 MP: 6/6
  4476 | D:5      | Noticed a two-headed ogre
  4828 | D:5      | Found a shimmering altar of Xom.
  4937 | D:5      | Noticed Duvessa
  4937 | D:5      | Noticed Dowan
  4958 | D:5      | Killed Dowan
  4959 | D:5      | Reached skill level 6 in Axes
  4962 | D:5      | HP: 3/62 [Duvessa/+0 short sword (9)]
  4962 | D:5      | Slain by Duvessa

Illustrated notes

Levels and vault maps discovered:
D:1:      amcnicky_arrival_wind_blow, layout_basic, ebering_ecumenical_altar_box
D:2:      layout_rooms, serial_shops, shop
D:3:      layout_basic, mainiacjoe_overflow_alcove_4, zin_purify
D:4:      layout_basic, chequers_temple_overflow_statue_of_worship,
          minmay_temple_entry_offerings, uniq_blork_the_orc
D:5:      minmay_recursive_quarters, layout_loops_cross, xom_butterflies,
          minmay_misc_feat_five, chequers_serial_rivers_small_a, uniq_duvessa,
          uniq_eustachio, uniq_crazy_yiuf_cottage
Temple:   eino_temple_water

Skill      XL: |  1  2  3  4  5  6  7 |
---------------+----------------------+-----
Armour         | 4 5 |  5.6
Fighting       | 4 5 |  5.7
Shields        | 4 |  4.5
Axes           | 3 5 6 |  6.3
Dodging        | 1 2 |  2.7
Stealth        | |  0.2

Action                   |  1- 3 |  4- 6 |  7- 9 || total
-------------------------+-------+-------+-------++-------
Melee: War axe           |    69 |   137 |    42 ||   248
       Headbutt          |     4 |    22 |     7 ||    33
Armor: Scale mail        |    42 |    99 |    12 ||   153
Dodge: Dodged            |    41 |   101 |    16 ||   158
Block: Buckler           |     7 |    43 |    11 ||    61
